 Dungeon Crawl Stone Soup version 0.28-a0-1510-gd0f6b136d3 (webtiles) character file.

Game seed: 12865254900414930662

870 oldriver the Insei (level 8, -5/58 (60) HPs)
             Began as a Gnoll Transmuter on Jan 15, 2022.
             Slain by a wight (6 damage)
             ... on level 5 of the Dungeon.
             The game lasted 00:08:14 (6430 turns).

oldriver the Insei (Gnoll Transmuter)               Turns: 6430, Time: 00:08:14

HP:   -5/58 (60)    AC:  2    Str: 12    XL:     8   Next: 3%
MP:   13/16         EV: 22    Int: 13    God:
Gold: 167           SH:  0    Dex: 17    Spells: 12/18 levels left

rFire   + . .      SeeInvis .     - Unarmed
rCold   . . .      Faith    .   (shield currently unavailable)
rNeg    . . .      Spirit   .   (armour currently unavailable)
rPois   x          Reflect  .   (helmet currently unavailable)
rElec   .          Harm     .   (cloak currently unavailable)
rCorr   .          Rampage  .   (gloves currently unavailable)
Will    .....                   (boots currently unavailable)
Stlth   ++........              (no amulet)
HPRegen 0.19/turn               a - ring of protection from fire
MPRegen 0.15/turn               (no ring)

@: spider-form (expiring), lightly drained
A: venomous fangs, tiny, (fangs 1), strong nose, distributed training
a: End Transformation


You were on level 5 of the Dungeon.
You were a venomous arachnid creature.
You visited 1 branch of the dungeon, and saw 5 of its levels.

You collected 167 gold pieces.

Inventory:

Hand Weapons
 e - a +2 short sword of venom (melded)
Armour
 t - a +2 robe of fire resistance (melded)
Jewellery
 a - a ring of protection from fire (left front leg)
Wands
 o - a wand of polymorph (13)
Scrolls
 b - 2 scrolls of teleportation
 h - a scroll of fear
Potions
 c - a potion of cancellation {unknown}
 d - a potion of ambrosia {unknown}
 f - a potion of lignification
 g - a potion of mutation {unknown}
 i - 2 potions of heal wounds {unknown}
 j - 3 potions of curing {unknown}
 k - a potion of might {unknown}
 l - a potion of haste {unknown}


   Skills:
 + Level 3.9 Fighting
 + Level 2.9 Short Blades
 + Level 2.9 Long Blades
 + Level 2.9 Axes
 + Level 2.9 Maces & Flails
 + Level 2.9 Polearms
 + Level 2.9 Staves
 + Level 2.9 Slings
 + Level 2.9 Bows
 + Level 2.9 Crossbows
 + Level 2.9 Throwing
 + Level 2.9 Armour
 + Level 5.4 Dodging
 + Level 2.9 Stealth
 + Level 2.9 Shields
 + Level 7.2 Unarmed Combat
 + Level 5.8 Spellcasting
 + Level 2.3 Conjurations
 + Level 2.3 Hexes
 + Level 2.3 Summonings
 + Level 2.3 Necromancy
 + Level 2.3 Translocations
 + Level 4.5 Transmutations
 + Level 2.3 Fire Magic
 + Level 2.3 Ice Magic
 + Level 2.3 Air Magic
 + Level 2.3 Earth Magic
 + Level 2.3 Poison Magic
 + Level 3.2 Invocations
 + Level 2.9 Evocations


You had 12 spell levels left.
You knew the following spells:

 Your Spells              Type           Power      Damage    Failure   Level
a - Beastly Appendage     Tmut           30%        N/A       10%         1
b - Wereblood             Tmut           15%        N/A       13%         2
c - Spider Form           Tmut/Pois      12%        N/A       30%         3

Your spell library contained the following spells:

 Spells                   Type           Power      Damage    Failure   Level
 Inner Flame              Hex/Fire       9%         N/A       41%         3
 Tukima's Dance           Hex            9%         N/A       41%         3
 Ice Form                 Ice/Tmut       12%        N/A       61%         4
 Anguish                  Hex/Necr       4%         N/A       75%         4
 Cause Fear               Hex            4%         N/A       75%         4
 Enfeeble                 Hex            4%         N/A       100%        7
 Discord                  Hex            4%         N/A       100%        8


Dungeon Overview and Level Annotations

Branches:
Dungeon (5/15)
 Temple: D:4-7

Altars:
Ashenzari
Hepliaklqana
Kikubaaqudgha
Makhleb
Ru
Yredelemnul
Zin
The Shining One


Innate Abilities, Weirdness & Mutations

You are a venomous arachnid creature.
You have poisonous fangs.
You are tiny and dextrous.
Your spellcasting is less reliable in this form.
Your armour is entirely melded.
You are incapable of wielding weapons or throwing items.
((You have very sharp teeth.))
Your uncanny sense of smell can sniff out nearby items.
Your experience applies equally to all skills.


Message History

Your +2 short sword of venom begins to drip with poison!
You feel resistant to fire.
o - a wand of polymorph (13) (gained 4 charges)
A wight is nearby!
A wight is nearby!
A wight is nearby!
A wight is nearby!
You grow a pair of large bovine horns.
Your feet morph into talons.
Casting: Beastly Appendage (safe; 2% risk of failure)
Confirm with . or Enter, or press ? or * to list all spells.
Your horns disappear.
Your talons disappear.
You turn into a venomous arachnid creature.
Your +2 short sword of venom melds into your body.
Your +2 robe of fire resistance melds into your body.
Your +2 short sword of venom stops dripping with poison.
You feel less resistant to fire. The wight barely misses you.
You barely miss the wight.
The wight hits you with a +2 great sword of freezing!
The wight freezes you.
You barely miss the wight. The wight completely misses you.
You barely miss the wight.
Your transformation is almost over.
The wight closely misses you.
You hit the wight but do no damage. The wight misses you.
You hit the wight but do no damage.
The wight hits you with a +2 great sword of freezing!!
The wight freezes you.
* * * LOW HITPOINT WARNING * * *
You hit the wight.
The wight is lightly damaged.
You hit the wight.
The wight is heavily damaged.
The wight misses you.
You barely miss the wight.
The wight is heavily damaged.
The wight hits you with a +2 great sword of freezing!
* * * LOW HITPOINT WARNING * * *
You feel drained.
You die...

....#.. ## #........
.#.###.......# ....#.......##
#...........# ###<#.......####
##...z..........##
#.....z..........####
.....#.........zs#..#
##...#.z.......##...# ######
#.............##...## ####....# #
.....###............###.#.....###
.....###........##......#........
................##.....#.........
.....####.......##...###.##......
...#######......#...###...#.#....
...##.##......)......#....###...#


You could see a wight.

Vanquished Creatures
  2 necrophages
  An orc warrior (D:4)
  An ogre (D:4)
  A scorpion (D:5)
  A water moccasin skeleton (D:4)
  2 wights
  A centaur zombie (D:5)
  A hound (D:5)
  Jessica (D:3)
  An iguana (D:4)
  Ijyb (D:3)
  2 orc wizards (D:5)
  A scorpion zombie (D:5)
  4 adders
  A gnoll (D:2)
  An adder skeleton (D:4)
  6 orcs
  6 endoplasms
  A giant cockroach (D:1)
  18 goblins
  8 hobgoblins
  7 jackals (D:3)
  7 ball pythons
  5 bats
  3 frilled lizards
  6 kobolds
  5 rats
94 creatures vanquished.

Notes
Turn   | Place    | Note
-------+----------+-------------------------------------------
     0 | D:1      | oldriver the Gnoll Transmuter began the quest for the Orb.
     0 | D:1      | Reached XP level 1. HP: 17/17 MP: 6/6
   302 | D:1      | Reached XP level 2. HP: 20/23 MP: 5/7
   404 | D:1      | Found a faded altar of an unknown god.
  1303 | D:2      | Reached skill level 5 in Spellcasting
  1303 | D:2      | Reached XP level 3. HP: 16/28 MP: 7/9
  1633 | D:2      | Reached skill level 1 in Invocations
  1637 | D:2      | Learned a level 2 spell: Wereblood
  1864 | D:2      | Reached skill level 1 in Short Blades
  1864 | D:2      | Reached skill level 1 in Long Blades
  1864 | D:2      | Reached skill level 1 in Axes
  1864 | D:2      | Reached skill level 1 in Maces & Flails
  1864 | D:2      | Reached skill level 1 in Polearms
  1864 | D:2      | Reached skill level 1 in Staves
  1864 | D:2      | Reached skill level 1 in Slings
  1864 | D:2      | Reached skill level 1 in Bows
  1864 | D:2      | Reached skill level 1 in Crossbows
  1864 | D:2      | Reached skill level 1 in Throwing
  1864 | D:2      | Reached skill level 1 in Armour
  1864 | D:2      | Reached skill level 1 in Stealth
  1864 | D:2      | Reached skill level 1 in Shields
  1864 | D:2      | Reached skill level 1 in Evocations
  2274 | D:2      | Reached XP level 4. HP: 34/34 MP: 9/11
  2607 | D:3      | Found an ancient bone altar of Kikubaaqudgha.
  3252 | D:3      | Found a broken altar of Ashenzari.
  3349 | D:3      | Noticed Jessica
  3365 | D:3      | Reached skill level 1 in Conjurations
  3365 | D:3      | Reached skill level 1 in Hexes
  3365 | D:3      | Reached skill level 1 in Summonings
  3365 | D:3      | Reached skill level 1 in Necromancy
  3365 | D:3      | Reached skill level 1 in Translocations
  3365 | D:3      | Reached skill level 1 in Fire Magic
  3365 | D:3      | Reached skill level 1 in Ice Magic
  3365 | D:3      | Reached skill level 1 in Air Magic
  3365 | D:3      | Reached skill level 1 in Earth Magic
  3365 | D:3      | Reached skill level 1 in Poison Magic
  3418 | D:3      | Killed Jessica
  3419 | D:3      | Reached XP level 5. HP: 40/40 MP: 8/12
  3548 | D:3      | Noticed Ijyb
  3558 | D:3      | Killed Ijyb
  3935 | D:4      | Found a burning altar of Makhleb.
  3939 | D:4      | Found a glowing silver altar of Zin.
  3939 | D:4      | Noticed an angel
  3940 | D:4      | Noticed a cacodemon
  3945 | D:4      | Noticed an orc warrior
  3949 | D:4      | Noticed a necrophage
  3968 | D:4      | Killed an orc warrior
  3969 | D:4      | Reached XP level 6. HP: 24/47 MP: 13/13
  4220 | D:3      | Killed a necrophage
  4221 | D:3      | Reached skill level 5 in Dodging
  4920 | D:4      | Found a sacrificial altar of Ru.
  4932 | D:4      | Found a basalt altar of Yredelemnul.
  4990 | D:4      | Found a glowing golden altar of the Shining One.
  5067 | D:4      | Reached XP level 7. HP: 52/52 MP: 15/15
  5106 | D:4      | Reached skill level 7 in Unarmed Combat
  5513 | D:4      | Found a hazy altar of Hepliaklqana.
  5537 | D:5      | Entered Level 5 of the Dungeon
  6157 | D:4      | Learned a level 3 spell: Spider Form
  6308 | D:5      | Reached XP level 8. HP: 59/60 MP: 13/16
  6430 | D:5      | HP: 1/60 [wight (13)]
  6430 | D:5      | Slain by a wight

Illustrated notes

Levels and vault maps discovered:
D:1:      dpeg_arrival_shelter, layout_loops_ring,
          hellmonk_ecumenical_altar_prayer_group
D:2:      layout_loops_ring
D:3:      kennysheep_goblin_castle, layout_basic, mainiacjoe_overflow_alcove_1,
          nicolae_kikubaaqudgha_miasma_corner, minmay_misc_feat_rows,
          hangedman_decor_diamond_cutter, hangedman_decor_points, uniq_jessica
D:4:      layout_basic, grunt_temple_overflow_order_and_chaos_2,
          nicolae_overflow_quartered_altars
D:5:      layout_cave_pools, serial_shops, shop

Skill      XL: |  1  2  3  4  5  6  7 |
---------------+----------------------+-----
Spellcasting   | 5 |  5.8
Invocations    | 1 2 3 |  3.2
Short Blades   | 1 2 |  2.9
Long Blades    | 1 2 |  2.9
Axes           | 1 2 |  2.9
Maces & Flails | 1 2 |  2.9
Polearms       | 1 2 |  2.9
Staves         | 1 2 |  2.9
Slings         | 1 2 |  2.9
Bows           | 1 2 |  2.9
Crossbows      | 1 2 |  2.9
Throwing       | 1 2 |  2.9
Armour         | 1 2 |  2.9
Stealth        | 1 2 |  2.9
Shields        | 1 2 |  2.9
Evocations     | 1 2 |  2.9
Conjurations   | 1 2 |  2.3
Hexes          | 1 2 |  2.3
Summonings     | 1 2 |  2.3
Necromancy     | 1 2 |  2.3
Translocations | 1 2 |  2.3
Fire Magic     | 1 2 |  2.3
Ice Magic      | 1 2 |  2.3
Air Magic      | 1 2 |  2.3
Earth Magic    | 1 2 |  2.3
Poison Magic   | 1 2 |  2.3
Fighting       | 3 |  3.9
Transmutations | 4 |  4.5
Dodging        | 5 |  5.4
Unarmed Combat | 7 |  7.2

Action                   |  1- 3 |  4- 6 |  7- 9 || total
-------------------------+-------+-------+-------++-------
Melee: Unarmed           |    26 |     1 |    28 ||    55
       Headbutt          |     6 |    15 |     5 ||    26
       Bite              |     3 |    11 |     5 ||    19
       Kick              |    11 |    21 |    10 ||    42
       Short sword       |    44 |   126 |    41 ||   211
       Punch             |     1 |     4 |     4 ||     9
 Cast: Beastly Appendage |    26 |    35 |     9 ||    70
       Wereblood         |     2 |     9 |     2 ||    13
       Spider Form       |       |       |     5 ||     5
  Use: Scroll            |       |    11 |       ||    11
 Stab: Sleeping          |       |     1 |       ||     1
Armor: Robe              |    11 |    28 |    12 ||    51
       Skin              |       |       |     7 ||     7
Dodge: Dodged            |    37 |   119 |    57 ||   213

Table legend: (Time is in decaauts)
 A = Elapsed time spent in this place.
 B = Non-inter-level travel time spent in this place.
 C = Inter-level travel time spent in this place.
 D = Time resting spent in this place.
 E = Time spent auto-exploring this place.
 F = Levels seen in this place.
 G = Mean time per level.
                   A        B        C        D        E       F      G
               +--------+--------+--------+--------+--------+-----+--------+
         Total |   6433 |   6168 |    265 |   1215 |   3951 |   5 | 1286.6 |
       Dungeon |   6433 |   6168 |    265 |   1215 |   3951 |   5 | 1286.6 |
               +--------+--------+--------+--------+--------+-----+--------+

Top non-repeatable levels by time:
     D:3: 1998 daAuts
     D:4: 1668 daAuts
     D:2: 1234 daAuts
     D:1: 1174 daAuts
     D:5: 357 daAuts
